 Dungeon Crawl Stone Soup version 0.22-a0-609-gfedc9ff (webtiles) character file.

124 Hebeh the Magician (level 4, -8/24 HPs)
             Began as a Deep Elf Fire Elementalist on July 10, 2018.
             Killed from afar by an orc wizard (9 damage)
             ... with a puff of frost
             ... on level 2 of the Dungeon.
             The game lasted 00:12:38 (2293 turns).

Hebeh the Magician (Deep Elf Fire Elementalist)     Turns: 2293, Time: 00:12:39

Health: -8/24      AC:  5    Str:  5    XL:     4   Next: 81%
Magic:  13/21      EV: 13    Int: 21    God:
Gold:   73         SH:  0    Dex: 15    Spells: 10/11 levels left

rFire    . . .     SeeInvis .   b - +1 hunting sling
rCold    . . .     Gourm    .   (no shield)
rNeg     . . .     Faith    .   i - +1 robe
rPois    .         Spirit   .   (no helmet)
rElec    .         Reflect  .   (no cloak)
rCorr    .         Harm     .   (no gloves)
MR       .....                  (no boots)
Stlth    ++........             (no amulet)
HPRegen  0.08/turn              f - ring of magical power
MPRegen  0.17/turn              u - +2 ring of protection

@: no status effects
A: no striking features
a: no special abilities


You were on level 2 of the Dungeon.
You were not hungry.

You visited 1 branch of the dungeon, and saw 2 of its levels.

You collected 73 gold pieces.

Inventory:

Hand Weapons
 a - a +3 whip
 b - a +1 hunting sling (weapon)
Missiles
 e - 27 sling bullets (quivered)
 k - 43 stones
Armour
 i - a +1 robe (worn)
Jewellery
 f - a ring of magical power (left hand)
 u - a +2 ring of protection (right hand)
Scrolls
 j - 2 scrolls of amnesia
 n - 3 scrolls of identify
 o - a scroll of immolation
 q - 3 scrolls of remove curse
Potions
 m - a potion of brilliance {unknown}
 r - a potion of might {unknown}
 s - a potion of haste {unknown}
Comestibles
 c - 5 rations


   Skills:
 - Level 2.4 Dodging
 - Level 2.4 Stealth
 + Level 4.2 Spellcasting
 * Level 3.7 Conjurations
 + Level 4.1 Fire Magic


You had 10 spell levels left.
You knew the following spells:

 Your Spells              Type           Power        Failure   Level  Hunger
a - Flame Tongue          Conj/Fire      ###..        2%          1    None

Your spell library contained the following spells:

 Spells                   Type           Power        Failure   Level  Hunger
 Fireball                 Conj/Fire      ###.......   54%         5    ######.
 Conjure Flame            Conj/Fire      ###.....     7%          3    ###....
 Throw Flame              Conj/Fire      ###...       3%          2    #......
 Sticky Flame             Conj/Fire      ###.....     22%         4    ####...
 Inner Flame              Hex/Fire       ##......     16%         3    ###....


Dungeon Overview and Level Annotations

Branches:
Dungeon (2/15)

Altars:
Dithmenos
Qazlal
Ru


Message History

Something hits you but does no damage.
Casting: Flame Tongue (safe; 2% risk of failure)
Confirm with . or Enter, or press ? or * to list all spells.
Aiming: Flame Tongue (safe; 2% risk of failure)
Press: ? - help, Shift-Dir - straight line, f/p - orc
Aim: an orc, wielding a flail and wearing a chain mail (heavily wounded)
The flame tongue hits the orc.
You kill the orc!
Something barely misses you.
You hear some strange, mumbled words.
A puff of frost appears from out of thin air!
The puff of frost hits you!
* * * LOW HITPOINT WARNING * * *
A magic dart appears from out of thin air!
The magic dart hits you!
* * * LOW HITPOINT WARNING * * *
Something barely misses you.
A puff of frost appears from out of thin air!
The puff of frost hits you!
You die...

.......##
##.##..# ##...##
# #.....##
####.## ##.....##
##...## #.#
#.......# ##+##
#.# #.......# #.#
#.......# ## #.#
##.....## oo #.#
##....## #o #.#
#...####### #.
#@# #..).......
#. #.#
#...#######
#..###.########.#
##### #
....(..(()))r.{.#
#
#.####.##########
#. .. ###


There were no monsters in sight!

Vanquished Creatures
  An orc wizard (D:2)
  4 adders (D:2)
  2 worms (D:2)
  4 dart slugs (D:1)
  A leopard gecko (D:2)
  4 orcs (D:2)
  A ball python (D:2)
  A giant cockroach (D:1)
  4 goblins
  6 hobgoblins
  A jackal (D:2)
  2 quokkas (D:2)
  A bat (D:1)
  4 frilled lizards
  4 kobolds
  3 rats
43 creatures vanquished.

Notes
Turn   | Place    | Note
-------+----------+-------------------------------------------
     0 | D:1      | Hebeh the Deep Elf Fire Elementalist began the quest for the Orb.
     0 | D:1      | Reached XP level 1. HP: 10/10 MP: 6/6
   485 | D:1      | Reached XP level 2. HP: 15/15 MP: 5/8
  1128 | D:2      | Reached XP level 3. HP: 19/19 MP: 5/10
  1346 | D:2      | Found a sacrificial altar of Ru.
  1613 | D:2      | Reached XP level 4. HP: 24/24 MP: 9/11
  2155 | D:2      | Found a shadowy altar of Dithmenos.
  2168 | D:2      | Found a stormy altar of Qazlal.
  2288 | D:2      | HP: 1/24 [something/magic dart (1)]
  2293 | D:2      | Killed from afar by an orc wizard

Vault maps used:
D:1:      onia_arrival_pentagram
D:2:      nicolae_ru_great_annihilating_truth,
          chequers_temple_overflow_statue_of_worship, first_ration

Skill      XL: |  1  2  3  4 |
---------------+-------------+-----
Conjurations   | 2 3 |  3.7
Spellcasting   | 4 |  4.2
Fire Magic     | 4 |  4.1
Dodging        | |  2.4
Stealth        | |  2.4

Action                   |  1- 3 |  4- 6 || total
-------------------------+-------+-------++-------
 Fire: Hunting sling     |       |    10 ||    10
Throw: Stone             |    47 |     5 ||    52
 Cast: Flame Tongue      |    51 |    33 ||    84
  Use: Scroll            |     6 |     3 ||     9
  Eat: Chunk             |     2 |     2 ||     4
Armor: Robe              |     1 |     3 ||     4
Dodge: Dodged            |     5 |    13 ||    18

Table legend:
 A = Spawn XP
 B = Non-spawn XP
 C = Spawn XP percentage of total XP
 D = Spawn monster count
 E = Non-spawn monster count
 F = Spawn count percentage of total count
 G = Total turns spent on level
                    A         B        C        D         E        F      G
               +---------+---------+-------+---------+---------+-------+---------
         Total |       0 |     178 |   0.0 |       0 |      43 |   0.0 |  2293
               +---------+---------+-------+---------+---------+-------+---------
           D:1 |       0 |      38 |   0.0 |       0 |      19 |   0.0 |  1120
           D:2 |       0 |     140 |   0.0 |       0 |      24 |   0.0 |  1173
               +---------+---------+-------+---------+---------+-------+---------
